 Dungeon Crawl Stone Soup version 0.21.1-1-g345015fe64 (webtiles) character file.

69 Oravi the Insei (level 4, 0/32 HPs)
             Began as a Merfolk Transmuter on May 2, 2018.
             Slain by a gnoll
             ... wielding a +0 spear
              (7 damage)
             ... on level 2 of the Dungeon.
             The game lasted 00:03:46 (1694 turns).

Oravi the Insei (Merfolk Transmuter)                Turns: 1694, Time: 00:03:46

Health: 0/32       AC:  2    Str: 10    XL:     4   Next: 20%
Magic:  4/7        EV: 21    Int: 13    God:
Gold:   96         SH:  0    Dex: 19    Spells: 1/7 levels left

rFire    . . .     SeeInvis .     - Unarmed
rCold    + . .     Gourm    .   (shield currently unavailable)
rNeg     . . .     Faith    .   (armour currently unavailable)
rPois    x         Spirit   .   (helmet currently unavailable)
rElec    .         Reflect  .   (cloak currently unavailable)
rCorr    .         Harm     .   (gloves currently unavailable)
MR       +....                  (boots currently unavailable)
Stlth    ++........             i - amulet of magic regeneration
HPRegen  0.10/turn              k - ring of protection from cold
MPRegen  0.35/turn              n - ring of protection from magic

@: spider-form
A: tiny, (change form in water), (swift swim), (stealthy swim)
a: End Transformation


You were on level 2 of the Dungeon.
You were not hungry.
You were a venomous arachnid creature.
You visited 1 branch of the dungeon, and saw 2 of its levels.

You collected 96 gold pieces.

Inventory:

Missiles
 a - 32 arrows
 g - 106 stones (quivered)
Armour
 b - a +0 robe (melded)
Jewellery
 i - an amulet of magic regeneration (around neck)
 k - a ring of protection from cold (left front leg)
 n - a ring of protection from magic (right front leg)
Scrolls
 o - a scroll of teleportation {unknown}
Potions
 e - a potion of flight
 h - a potion of degeneration {unknown}
 j - a potion of curing {unknown}
 l - a potion of heal wounds {unknown}
 m - a potion of invisibility {unknown}
 p - 2 potions of haste {unknown}
Books
 c - a book of Changes

   Spells                             Type                      Level
   a - Beastly Appendage              Transmutation                1
   b - Sticks to Snakes               Transmutation                2
   c - Spider Form                    Transmutation/Poison         3
   d - Ice Form                       Ice/Transmutation            4
   e - Blade Hands                    Transmutation                5
Comestibles
 d - 6 rations
 f - 4 chunks of flesh


   Skills:
 - Level 1.1 Fighting
 - Level 2.6 Dodging
 + Level 4.3 Unarmed Combat
 - Level 2.0 Spellcasting
 + Level 4.3 Transmutations
 + Level 1.2 Poison Magic


You had one spell level left.
You knew the following spells:

 Your Spells              Type           Power        Failure   Level  Hunger
a - Beastly Appendage     Tmut           ##....       13%         1    ##.....
b - Sticks to Snakes      Tmut           ##......     19%         2    ###....
c - Spider Form           Tmut/Pois      #.........   45%         3    ####...


Dungeon Overview and Level Annotations

Branches:
Dungeon (2/15)

Altars:

Annotations:
D:2 exclusion: door


Message History

Casting: Spider Form
Confirm with . or Enter, or press ? or * to list all spells.
You grow a pair of large bovine horns.
The gnoll barely misses you.
You are too injured to fight recklessly!
You are too injured to fight recklessly!
You are too injured to fight recklessly!
You are too injured to fight recklessly!
Casting: Beastly Appendage
Confirm with . or Enter, or press ? or * to list all spells.
Your horns disappear.
You turn into a venomous arachnid creature.
Your +0 robe melds into your body.
The gnoll hits you with a spear.
* * * LOW HITPOINT WARNING * * *
You closely miss the gnoll.
The gnoll is lightly wounded.
The gnoll completely misses you.
Some of the chunks of flesh in your inventory have rotted away.
You hit the gnoll but do no damage.
The gnoll is poisoned.
The gnoll hits you with a spear!
You die...

#....####.#..#
####....##......#.#
.##.....##......#.#
.##...####......#.#
.#).............#.#
.#....##.....##.#.######
........................
.#.#####....###..g...... .#.#
###### #s......# .#.# #[#####.#
.#.#############.#####.######## #
..............................###
##.....).....###.###########...##
#....#######.# #.#......<# #.#.##
.............# #.#.####### #.#.##
#....###..#.(# #.#.# #.#..#
#....# #..#..# #.#.#########.##.#


You could see a gnoll.

Vanquished Creatures
  3 gnolls
  An adder (D:2)
  A worm (D:2)
  A dart slug (D:1)
  A leopard gecko (D:1)
  A bat (D:1)
  3 giant cockroaches
  3 goblins (D:1)
  3 hobgoblins
  2 ball pythons (D:1)
  3 frilled lizards
  A kobold (D:2)
  5 rats
28 creatures vanquished.

Notes
Turn   | Place    | Note
-------+----------+-------------------------------------------
     0 | D:1      | Oravi the Merfolk Transmuter began the quest for the Orb.
     0 | D:1      | Reached XP level 1. HP: 15/15 MP: 3/3
   177 | D:1      | Reached XP level 2. HP: 19/21 MP: 5/5
   181 | D:1      | Learned a level 2 spell: Sticks to Snakes
   853 | D:1      | Reached XP level 3. HP: 26/26 MP: 4/6
   858 | D:1      | Learned a level 3 spell: Spider Form
  1683 | D:2      | Reached skill level 1 in Poison Magic
  1683 | D:2      | Reached XP level 4. HP: 22/32 MP: 7/7
  1694 | D:2      | Slain by a gnoll

Skill      XL: |  1  2  3 |
---------------+----------+-----
Transmutations | 3 4 |  4.3
Unarmed Combat | 4 |  4.3
Poison Magic   | 1 |  1.2
Fighting       | |  1.1
Dodging        | |  2.6
Spellcasting   | |  2.0

Action                   |  1- 3 |  4- 6 || total
-------------------------+-------+-------++-------
Melee: Unarmed           |    82 |     7 ||    89
       Headbutt          |     3 |       ||     3
 Cast: Beastly Appendage |    11 |     1 ||    12
       Spider Form       |     9 |     1 ||    10
  Use: Scroll            |     2 |       ||     2
  Eat: Chunk             |     4 |       ||     4
Armor: Robe              |     5 |       ||     5
Dodge: Dodged            |    50 |     5 ||    55
